 Dungeon Crawl Stone Soup version 0.23-a0-143-g1adec7b (webtiles) character file.

18139 Amnesiac the Quickloader (level 12, -1/91 HPs)
             Began as a Mummy Monk on Sept 5, 2018.
             Was a High Priest of Okawaru.
             Hit by a large rock thrown by a cyclops (19 damage)
             ... on level 1 of the Orcish Mines.
             The game lasted 00:22:06 (16750 turns).

Amnesiac the Quickloader (Mummy Monk)              Turns: 16750, Time: 00:22:07

Health: -1/91      AC: 14    Str: 23    XL:     12   Next: 25%
Magic:  0/18       EV:  8    Int: 10    God:    Okawaru [*****.]
Gold:   1299       SH:  0    Dex: 14    Spells: 11/11 levels left

rFire    + . .     SeeInvis .   a - +5 triple crossbow (velocity)
rCold    + . .     Gourm    .   (shield currently unavailable)
rNeg     + + +     Faith    .   y - +1 plate armour {rF+}
rPois    ∞         Spirit   +   t - +0 helmet
rElec    .         Reflect  .   g - scarf {Spirit}
rCorr    .         Harm     .   A - +0 pair of gloves
MR       +....                  w - -1 pair of boots
Stlth    ..........             l - amulet "Uppuas" {rN+ Regen+ Slay+3}
HPRegen  0.65/turn              m - +4 ring of strength
MPRegen  0.16/turn              s - ring of protection from fire

@: no status effects
A: no food or potions, fire vulnerability, cold resistance 1, negative energy
resistance 3, torment resistance, unbreathing
a: Heroism, Finesse, Renounce Religion


You were on level 1 of the Orcish Mines.
You worshipped Okawaru.
Okawaru was extremely pleased with you.
You were not hungry.

You visited 3 branches of the dungeon, and saw 13 of its levels.
You also visited: Volcano.

You collected 1299 gold pieces.

Inventory:

Hand Weapons
 a - a +5 triple crossbow of velocity (weapon)
 b - a +1 dagger of electrocution
 p - a +1 dagger of venom
 u - a +1 dagger of draining
Missiles
 v - 175 bolts (quivered)
 B - 5 curare-tipped needles
Armour
 e - the +10 scale mail "Jibrefre" {rC+, unknown}
   (You found it on level 10 of the Dungeon)

   It protects you from cold.
 g - a scarf of spirit shield (worn)
 q - a scarf of repulsion
 t - a +0 helmet (worn)
 w - a -1 pair of boots (worn)
 y - a +1 plate armour of fire resistance (worn)
 A - a +0 pair of gloves (worn)
 C - a +0 troll leather armour
Jewellery
 l - the amulet "Uppuas" (around neck) {rN+ Regen+ Slay+3}
   (You found it on level 10 of the Dungeon)

   [amulet of regeneration]

   It affects your accuracy and damage with ranged weapons and melee attacks
   (+3).
   It protects you from negative energy.
   It increases your rate of regeneration.
 m - a +4 ring of strength (left hand)
 s - a ring of protection from fire (right hand)
 E - an uncursed ring of wizardry {unknown}
Wands
 h - a wand of digging (12)
 i - a wand of polymorph (15)
 z - a wand of iceblast (6)
Scrolls
 c - 7 scrolls of teleportation {!r}
 d - 3 scrolls of identify {!r}
 f - a scroll of magic mapping {!r}
 j - 3 scrolls of immolation {!r}
 k - 2 scrolls of enchant armour {!r}
 o - 2 scrolls of amnesia {!r}
 r - 2 scrolls of fog {!r}
 x - 11 scrolls of remove curse {!r}
 D - a scroll of silence {!r, unknown}


   Skills:
 + Level 7.5 Fighting
 - Level 8.0 Short Blades
 * Level 11.0 Crossbows
 - Level 3.0 Armour
 - Level 3.0 Dodging
 - Level 1.5 Stealth
 - Level 9.0 Invocations


You had 11 spell levels left.
You didn't know any spells.
Your spell library contained the following spells:

 Spells                   Type           Power        Failure   Level  Hunger
 Magic Dart               Conj           #...         100%        1    N/A
 Searing Ray              Conj           #.....       100%        2    N/A
 Dazzling Spray           Conj/Hex       #.....       100%        3    N/A
 Force Lance              Conj/Tloc      #.......     100%        4    N/A
 Fulminant Prism          Conj/Hex       #.........   100%        4    N/A
 Iskenderun's Mystic Bla  Conj           #.......     100%        4    N/A

Dungeon Overview and Level Annotations

Branches:
Dungeon (11/15)            Temple (0/1) D:7            Lair (1/6) D:8
    Orc (1/2) D:11

Altars:
Okawaru
Sif Muna
Yredelemnul
The Shining One

Shops:
D:4 *!


Innate Abilities, Weirdness & Mutations

You do not eat or drink.
Your flesh is vulnerable to fire.
You are immune to poison.
Your flesh is cold resistant. (rC+)
You are immune to negative energy. (rN+++)
You are immune to unholy pain and torment.
You can survive without breathing.


Message History

The cyclops throws a large rock.
The large rock misses you.
Firing (i - inventory)
v - 161 bolts (quivered)
Press: ? - help, Shift-Dir - straight line, f/p - cyclops
Aim: a cyclops (moderately wounded)
You shoot a bolt. The bolt hits the cyclops.
The cyclops is heavily wounded.
The cyclops throws a large rock.
The large rock hits you!!
The cyclops throws a large rock.
The large rock barely misses you.
Firing (i - inventory)
v - 160 bolts (quivered)
Press: ? - help, Shift-Dir - straight line, f/p - cyclops
Aim: a cyclops (heavily wounded)
You shoot a bolt. The bolt hits the cyclops!
The cyclops is almost dead.
Firing (i - inventory)
v - 159 bolts (quivered)
Press: ? - help, Shift-Dir - straight line, f/p - cyclops
Aim: a cyclops (almost dead)
You shoot a bolt. The bolt hits the cyclops!
You kill the cyclops!
Okawaru accepts your kill. Something appears at your feet!
Okawaru grants you ammunition!
Your Crossbows skill increases to level 11!
No target in view!
There is an open door here.
v - 172 bolts (gained 14)
You see here 3 large rocks.
You start resting.
Magic restored.
You start resting.
HP restored.
You see here a large rock.
v - 174 bolts (gained 2)
You see here 3 large rocks.
v - 178 bolts (gained 4)
A cyclops comes into view.
A cyclops is nearby!
A cyclops is nearby!
A cyclops is nearby!
Firing (i - inventory)
v - 178 bolts (quivered)
Press: ? - help, Shift-Dir - straight line, f - cyclops
Aim: a cyclops You shoot a bolt.
The bolt barely misses the cyclops.
The cyclops throws a large rock.
The large rock misses you.
Firing (i - inventory)
v - 177 bolts (quivered)
Press: ? - help, Shift-Dir - straight line, f/p - cyclops
Aim: a cyclops You shoot a bolt.
The bolt hits the cyclops!
The cyclops is moderately wounded.
The cyclops throws a large rock.
The large rock hits you!!!
The cyclops throws a large rock.
The large rock hits you.
* * * LOW HITPOINT WARNING * * *
Firing (i - inventory)
v - 176 bolts (quivered)
Press: ? - help, Shift-Dir - straight line, f/p - cyclops
Aim: a cyclops (lightly wounded)
You shoot a bolt. The bolt hits the cyclops!
The cyclops is moderately wounded.
The cyclops throws a large rock.
The large rock hits you!!!
* * * LOW HITPOINT WARNING * * *
You are too injured to fight recklessly!
You are too injured to fight recklessly!
You are too injured to fight recklessly!
You see here 3 large rocks.
You see here a large rock.
The cyclops throws a large rock.
The large rock hits you!!
You die...

#....#.....'...P....#
#....(.....'..........
#....#.....'..........
#....#.....#.........#
#....#.(...#.........#
#....#'#####........##
#....#(# .......###
#....#.# ........#
#....#@# .......#
#....#(# ....... #.#
#.# # #(# #. #.# #..
#.# #(..##C# #.C.'((#


You could see a cyclops.

Vanquished Creatures
  Erolcha (Orc:1)
  A hydra (D:10)
  2 two-headed ogres
  Sonja (Lair:1)
  Pikel (D:8)
  8 cyclopes
  A centaur zombie (D:11)
  A gargoyle (D:10)
  A black mamba (Lair:1)
  A centaur skeleton (D:6)
  Joseph (D:7)
  A spiny frog (Lair:1)
  2 rime drakes (Lair:1)
  A queen bee (D:11)
  A troll (D:9)
  Prince Ribbit (D:6)
  A hippogriff (D:9)
  A wraith (D:11)
  A wyvern (D:10)
  A vampire (D:11)
  A spriggan (D:7)
  3 fire bats (Lair:1)
  Eustachio (D:6)
  Menkaure (D:4)
  3 wargs (Orc:1)
  An acid dragon (D:11)
  A water moccasin (Lair:1)
  A porcupine (Lair:1)
  2 sky beasts
  4 slaves (D:8)
  2 black bears (D:9)
  2 necrophages
  2 ice beasts
  3 orc warriors
  An eye of draining (D:8)
  12 ogres
  5 phantoms
  8 centaurs
  2 wolves (Orc:1)
  A big kobold (D:9)
  7 bullfrogs
  A wyvern skeleton (D:10)
  A water moccasin skeleton (D:4)
  4 scorpions
  17 killer bees
  3 howler monkeys
  8 wights
  A bullfrog zombie (D:11)
  3 crimson imps
  5 hounds
  3 jellies
  2 orc priests
  7 orc wizards
  4 iguanas
  9 worker ants
  A hound zombie (D:11)
  A hound skeleton (D:11)
  7 gnolls
  12 adders
  3 shadow imps
  2 oozes
  An adder zombie (D:5)
  An adder skeleton (D:8)
  3 worms
  3 dart slugs (D:1)
  3 leopard geckos
  35 orcs
  2 ball pythons
  3 giant cockroaches
  2 goblins
  7 hobgoblins
  18 jackals
  7 quokkas
  A bat (D:1)
  A frilled lizard (D:3)
  7 kobolds
  2 quokka zombies (D:5)
  4 rats
  A spectral orc (D:6)
287 creatures vanquished.

Vanquished Creatures (others)
  A warg (Orc:1)
  An orc wizard (D:10)
2 creatures vanquished.

Grand Total: 289 creatures vanquished

Notes
Turn   | Place    | Note
-------+----------+-------------------------------------------
     0 | D:1      | Amnesiac the Mummy Monk began the quest for the Orb.
     0 | D:1      | Reached XP level 1. HP: 18/18 MP: 1/1
   421 | D:1      | Reached XP level 2. HP: 13/24 MP: 2/2
  1299 | D:1      | Reached skill level 1 in Armour
  1676 | D:2      | Reached XP level 3. HP: 29/29 MP: 3/3
  2695 | D:2      | Reached XP level 4. HP: 33/35 MP: 4/4
  2914 | D:2      | HP: 1/35 [orc/dagger (6)]
  4002 | D:4      | Found Boug's Distillery.
  4055 | D:4      | Reached XP level 5. HP: 36/41 MP: 5/5
  4081 | D:4      | Reached XP level 6. HP: 20/47 MP: 4/6
  4111 | D:4      | Reached skill level 5 in Short Blades
  4749 | D:4      | Noticed Menkaure
  4780 | D:4      | Killed Menkaure
  4780 | D:4      | Reached XP level 7. HP: 27/52 MP: 4/7
  5004 | D:4      | Found Waffoepa's Serpentskin Sales.
  5274 | D:4      | Found a deep blue altar of Sif Muna.
  5326 | D:5      | Entered Level 5 of the Dungeon
  5486 | D:5      | Found an iron altar of Okawaru.
  5493 | D:5      | Became a worshipper of Warmaster Okawaru
  5493 | D:5      | Reached * piety under Okawaru
  5493 | D:5      | Reached ** piety under Okawaru
  5815 | D:5      | Reached skill level 1 in Invocations
  6149 | D:6      | Reached XP level 8. HP: 28/58 MP: 4/9
  6271 | D:6      | Noticed Prince Ribbit
  6280 | D:6      | Killed Prince Ribbit
  6427 | D:6      | Reached *** piety under Okawaru
  6449 | D:6      | HP: 2/58 [bullfrog (1)]
  6748 | D:6      | Found a basalt altar of Yredelemnul.
  6816 | D:6      | Reached skill level 5 in Invocations
  7019 | D:6      | Noticed Eustachio
  7031 | D:6      | Reached XP level 9. HP: 60/63 MP: 13/13
  7044 | D:6      | Killed Eustachio
  7634 | D:7      | Noticed Joseph
  7675 | D:7      | Killed Joseph
  8093 | D:7      | Noticed a cyclops
  8112 | D:7      | Killed a cyclops
  8112 | D:7      | Reached **** piety under Okawaru
  8165 | D:7      | Found a staircase to the Ecumenical Temple.
  8260 | D:7      | Found a shimmering altar of Xom.
  8265 | D:7      | Found a shimmering altar of Xom.
  8265 | D:7      | Found a shimmering altar of Xom.
  8462 | D:7      | Received a gift from Okawaru
  9283 | D:8      | Reached skill level 1 in Crossbows
  9304 | D:8      | Reached XP level 10. HP: 71/71 MP: 16/16
  9392 | D:8      | Noticed Pikel
  9410 | D:8      | Killed Pikel
  9410 | D:8      | Reached skill level 2 in Crossbows
  9678 | D:8      | Found a glowing golden altar of the Shining One.
  9730 | D:8      | Found a staircase to the Lair.
  9746 | D:8      | Reached skill level 3 in Crossbows
 10410 | D:8      | Reached skill level 4 in Crossbows
 10887 | D:8      | Found a staircase to the Lair.
 10974 | D:8      | Found a glowing golden altar of the Shining One.
 11331 | Lair:1   | Entered Level 1 of the Lair of Beasts
 11348 | Lair:1   | Received a gift from Okawaru
 11396 | Lair:1   | Reached skill level 5 in Crossbows
 11471 | Lair:1   | Noticed a black mamba
 11486 | Lair:1   | Killed a black mamba
 11630 | Lair:1   | Reached skill level 6 in Crossbows
 11777 | Lair:1   | Found a dark tunnel.
 11787 | Volcano  | Entered a volcano
 11790 | Volcano  | Noticed a two-headed ogre
 11801 | Lair:1   | HP: 1/71 [two-headed ogre/giant club of flaming (11)]
 12266 | Lair:1   | Noticed a spiny frog
 12271 | Lair:1   | Killed a spiny frog
 12295 | Lair:1   | Noticed Sonja
 12308 | Lair:1   | Killed Sonja
 12308 | Lair:1   | Reached ***** piety under Okawaru
 12308 | Lair:1   | Received a gift from Okawaru
 12308 | Lair:1   | Reached skill level 7 in Crossbows
 12535 | Lair:1   | Killed a two-headed ogre
 12535 | Lair:1   | Reached XP level 11. HP: 67/76 MP: 14/17
 12740 | D:9      | Reached skill level 8 in Crossbows
 14257 | D:10     | Entered Level 10 of the Dungeon
 14267 | D:10     | Got a slimy ruby amulet
 14268 | D:10     | Identified the amulet "Uppuas" {rN+ Regen+ Slay+3} (You
                  | found it on level 10 of the Dungeon)
 14346 | D:10     | Noticed an eight-headed hydra
 14350 | D:10     | Killed an eight-headed hydra
 14523 | D:10     | Received a gift from Okawaru
 14523 | D:10     | Reached skill level 5 in Fighting
 14523 | D:10     | Reached skill level 9 in Crossbows
 14598 | D:10     | Got a smelly scale mail
 15373 | D:11     | Received a gift from Okawaru
 15556 | D:11     | Found a staircase to the Orcish Mines.
 15775 | D:11     | Received a gift from Okawaru
 16202 | Orc:1    | Entered Level 1 of the Orcish Mines
 16202 | Orc:1    | Noticed Erolcha
 16207 | Orc:1    | Killed Erolcha
 16207 | Orc:1    | Reached skill level 10 in Crossbows
 16281 | Orc:1    | Noticed a two-headed ogre
 16284 | Orc:1    | Killed a two-headed ogre
 16284 | Orc:1    | Received a gift from Okawaru
 16427 | Orc:1    | Reached XP level 12. HP: 57/89 MP: 11/18
 16611 | Orc:1    | Received a gift from Okawaru
 16717 | Orc:1    | Received a gift from Okawaru
 16717 | Orc:1    | Reached skill level 11 in Crossbows
 16750 | Orc:1    | Hit by a large rock thrown by a cyclops

Vault maps used:
D:1:      nagdon_arrival_double_spiral
D:2:      first_ration
D:4:      tgw_sif, serial_shops, kennysheep_little_box, guppyfry_shop_venom,
          uniq_menkaure
D:5:      small_statue_intersection, okawaru_metal_pillars_1_2
D:6:      lemuel_ice_spiral_2, yredelemnul_forgotten_temple_becter,
          uniq_prince_ribbit1, uniq_eustachio
D:7:      xom_shifter_show, minmay_temple_entry_overgrown, the_bakery,
          uniq_joseph
D:8:      lemuel_doored_altar, lair_entry_dummy, uniq_pikel
D:10:     minmay_misc_feat_ornament
D:11:     orc_0_dummy, special_room
Lair:1:   nicolae_volcano_entry_batcave, uniq_sonja
Orc:1:    giant_chief_lemuel, uniq_erolcha
Volcano:  volcano_caves

Skill      XL: |  1  2  3  4  5  6  7  8  9 10 11 12 |
---------------+-------------------------------------+-----
Short Blades   | 3 4 6 7 8 |  8.0
Armour         | 1 2 3 |  3.0
Invocations    | 1 6 9 |  9.0
Dodging        | 3 |  3.0
Crossbows      | 1 7 10 11 | 11.0
Fighting       | 6 7 |  7.5
Stealth        | |  1.5

Action                   |  1- 3 |  4- 6 |  7- 9 | 10-12 || total
-------------------------+-------+-------+-------+-------++-------
Melee: Short sword       |   174 |     5 |       |       ||   179
       Dagger            |       |   154 |   479 |   185 ||   818
       Punch             |       |       |     1 |     2 ||     3
 Fire: Arbalest          |       |       |       |    23 ||    23
       Triple crossbow   |       |       |       |   262 ||   262
Invok: Heroism           |       |       |     2 |     7 ||     9
       Finesse           |       |       |       |     1 ||     1
Evoke: Wand              |       |     1 |    11 |       ||    12
  Use: Scroll            |       |     6 |     3 |    12 ||    21
 Stab: Sleeping          |     1 |       |     1 |       ||     2
       Fleeing           |       |       |       |     1 ||     1
Armor: Robe              |     5 |       |       |       ||     5
       Leather armour    |    18 |     8 |       |       ||    26
       Ring mail         |       |    23 |    71 |    35 ||   129
       Plate armour      |       |       |       |   156 ||   156
Dodge: Dodged            |   103 |    68 |   147 |   208 ||   526
       Deflected         |       |       |     9 |     9 ||    18
Block: Large shield      |       |       |       |     6 ||     6

Table legend:
 A = Non-vault XP
 B = Vault XP
 C = Vault XP percentage of total XP
 D = Non-vault monster count
 E = Vault monster count
 F = Vault count percentage of total count
                 A         B        C        D         E       F
            +---------+---------+-------+---------+---------+-------
      Total |   13904 |   12009 |  46.3 |     235 |      48 |  17.0
            +---------+---------+-------+---------+---------+-------
        D:1 |      38 |       0 |   0.0 |      15 |       0 |   0.0
        D:2 |     109 |       0 |   0.0 |      20 |       0 |   0.0
        D:3 |      33 |       0 |   0.0 |      12 |       0 |   0.0
        D:4 |     504 |     222 |  30.6 |      21 |       4 |  16.0
        D:5 |     411 |       0 |   0.0 |      23 |       0 |   0.0
        D:6 |    1584 |     466 |  22.7 |      32 |       3 |   8.6
        D:7 |    1280 |     598 |  31.8 |      22 |       2 |   8.3
        D:8 |    1269 |     629 |  33.1 |      19 |       1 |   5.0
        D:9 |    1894 |       0 |   0.0 |      20 |       0 |   0.0
       D:10 |    2832 |       0 |   0.0 |      22 |       0 |   0.0
       D:11 |    1851 |    1185 |  39.0 |      19 |      15 |  44.1
     Lair:1 |    1805 |    2257 |  55.6 |       6 |       5 |  45.5
      Orc:1 |     294 |    6652 |  95.8 |       4 |      18 |  81.8
            +---------+---------+-------+---------+---------+-------
